Islanders vs Sabres

Created - Sunday, December 28, 2014 at 23:22

Goals
1 2 3 OT1 T
Islanders 2 2 3 1 8
Sabres 1 4 2 0 7
Shots
1 2 3 OT1 T
Islanders 13 8 17 1 39
Sabres 6 17 11 0 34

1st period

1. Islanders , Tyler Ennis 6 (Travis Hamonic, Kyle Quincey) at 6:54 (PP)
2. Islanders , David Krejci 5 (Chris Kunitz, Carl Hagelin) at 8:24
3. Sabres , Sidney Crosby 25 (Steven Stamkos, Jay Bouwmeester) at 11:39 (PP)

Penalties :
Josh Harding (Buf) for Delaying the game (Minor) at 5:54 - Blake Wheeler served the penalty, Colton Sceviour (NYI) for High sticking (Minor) at 10:42

2nd period

4. Islanders , Jarret Stoll 3 (Colton Sceviour, Travis Hamonic) at 2:15
5. Islanders , Jamie Benn 23 (Erik Karlsson, Braden Holtby) at 7:21 (PP)
6. Sabres , Sidney Crosby 26 (Steven Stamkos, Alex Pietrangelo) at 8:39 (PP)
7. Sabres , Gustav Nyquist 6 (Alex Pietrangelo, Brooks Orpik) at 12:27
8. Sabres , Henrik Zetterberg 25 (Gustav Nyquist, Brooks Orpik) at 13:38 (PP)
9. Sabres , Blake Wheeler 15 (Henrik Zetterberg, Gustav Nyquist) at 18:03 (PP)

Penalties :
Chris Kunitz (NYI) for Holding (Minor) at 4:09, Stephane Robidas (Buf) for Roughing (Minor) at 7:02, Matt Martin (NYI) for High sticking (Minor) at 8:07, Matt Martin (NYI) for Hooking (Minor) at 12:42, Jamie Benn (NYI) for Cross-checking (Minor) at 14:03, Carl Hagelin (NYI) for Holding (Minor) at 16:23, Steven Stamkos (Buf) for Roughing (Minor) at 19:28

3rd period

10. Islanders , Erik Karlsson 14 (David Krejci, Chris Kunitz) at 3:31
11. Sabres , Dwight King 3 (Jay Bouwmeester, Chris Higgins) at 7:24
12. Islanders , Erik Karlsson 15 (David Krejci, Tyler Ennis) at 9:52 (PP)
13. Sabres , Gustav Nyquist 7 (Henrik Zetterberg, Matt Stajan) at 13:21
14. Islanders , Erik Karlsson 16 (Olli Maatta) at 17:37

Penalties :
Erik Karlsson (NYI) for Holding (Minor) at 5:09, Steven Stamkos (Buf) for Goalie Interference (Minor) at 9:04

Overtime #1

15. Islanders , Joe Pavelski 19 (Jamie Benn) at 1:27

Penalties :
No Penalty

Goalie Stats

Braden Holtby (NYI), 27 saves from 34 shots - (0.794), W, 13-16-2, 61:27 minutes
Josh Harding (Buf), 31 saves from 39 shots - (0.795), OTL, 13-6-3, 61:27 minutes

Players Stats for Islanders

Player Name              G  A  P  +/- PIM S  H  SB GA TA FO     MP     PP MP  PK MP  
------------------------------------------------------------------------------------
Carl Hagelin             0  1  1   2  2   1  1  2  0  0  0/1    13:45   1:10   0:00 
Chris Kunitz             0  2  2   2  2   2  1  0  0  0  0/0    15:56   2:56   0:00 
Colton Sceviour          0  1  1   2  2   1  3  0  4  0  1/1    11:36   0:00   0:00 
Craig Adams              0  0  0   0  0   1  0  0  0  0  1/1    14:41   0:00   7:38 
David Krejci             1  2  3   2  0   2  1  0  2  0  9/17   13:46   1:10   0:00 
Erik Karlsson            3  1  4   1  2   10 0  1  2  1  0/0    25:27   3:31   2:52 
Jamie Benn               1  1  2  -1  2   4  1  2  6  0  0/0    18:38   2:56   0:00 
Jarret Stoll             1  0  1   2  0   1  2  1  4  0  11/20  19:26   0:00   7:38 
Joe Pavelski             1  0  1  -2  0   5  1  1  3  0  13/25  21:23   2:56   2:24 
Kevin Porter             0  0  0   2  0   0  0  0  0  0  1/1    11:37   0:00   0:00 
Kyle Quincey             0  1  1   1  0   1  1  1  0  2  0/0    24:00   3:31   3:39 
Marcel Goc               0  0  0  -1  0   2  1  0  1  0  2/5     9:47   0:00   2:24 
Matt Martin              0  0  0   0  4   0  2  0  0  0  0/0     6:50   0:00   0:00 
Olli Maatta              0  1  1  -2  0   3  0  1  1  1  0/0    13:51   0:00   0:47 
Paul Martin              0  0  0   2  0   2  0  5  0  2  0/0    18:16   0:35   0:00 
Rob Scuderi              0  0  0  -1  0   1  0  3  0  2  0/0    19:11   0:00   6:23 
Travis Hamonic           0  2  2   2  0   1  3  5  2  3  0/0    22:24   0:35   6:23 
Tyler Ennis              1  1  2  -2  0   2  1  0  0  0  1/1    15:05   1:10   0:00 

Players Stats for Sabres

Player Name              G  A  P  +/- PIM S  H  SB GA TA FO     MP     PP MP  PK MP  
------------------------------------------------------------------------------------
Alec Martinez            0  0  0   0  0   0  0  1  0  1  0/0    13:40   4:37   0:00 
Alex Pietrangelo         0  2  2  -3  0   1  1  4  0  0  0/0    28:13   5:25   2:14 
Blake Wheeler            1  0  1  -1  0   2  2  1  1  1  0/1    21:22   4:17   0:00 
Brooks Orpik             0  2  2  -2  0   3  3  2  1  1  0/0    24:01   4:37   2:33 
Chris Higgins            0  1  1  -1  0   0  1  0  0  1  0/1     8:23   0:00   0:00 
David Perron             0  0  0  -1  0   0  2  0  2  0  0/1    21:34   5:45   0:00 
Dwight King              1  0  1  -1  0   1  0  0  0  0  0/0     8:23   0:00   0:00 
Gustav Nyquist           2  2  4   1  0   4  0  0  3  0  0/0    17:07   4:17   0:00 
Henrik Zetterberg        1  2  3   0  0   6  3  0  9  0  4/7    21:20   4:17   1:43 
Jay Bouwmeester          0  2  2   0  0   4  2  4  0  2  0/0    28:42   5:25   1:52 
Marc-Andre Cliche        0  0  0   0  0   1  0  0  0  1  0/0     9:28   0:00   2:23 
Matt Bartkowski          0  0  0   0  0   2  2  0  0  1  0/0     9:03   0:00   0:00 
Matt Stajan              0  1  1  -1  0   0  2  0  2  0  7/11   10:46   0:00   2:23 
Sidney Crosby            2  0  2  -1  0   5  1  0  3  1  8/27   22:16   5:45   0:00 
Stephane Robidas         0  0  0   1  2   1  1  4  0  1  0/0    19:14   0:00   1:33 
Steve Downie             0  0  0   0  0   1  0  0  2  0  0/0     7:05   0:00   0:00 
Steven Stamkos           0  2  2   0  4   3  4  0  4  0  9/13   20:29   5:45   0:00 
Will Acton               0  0  0   0  0   0  1  0  0  0  5/11   10:33   0:00   1:43 

3 Stars

1 - Erik Karlsson (NYI)
2 - Gustav Nyquist (Buf)
3 - David Krejci (NYI)

Power Play

Islanders - 3 on 4 Attempt(s) - 75.00%
Sabres - 4 on 7 Attempt(s) - 57.14%

Penalty Kill

Islanders - 3 on 7 Attempt(s) - 42.86% - Score 0 goal in Penalty Kill
Sabres - 1 on 4 Attempt(s) - 25.00% - Score 0 goal in Penalty Kill

Official

Referees : Unknown
Linesman : Unknown

Game Notes

Erik Karlsson has scored a Hat Trick!

Finance

Level 1 -- Attendance: 5957 (99.28%) -- Ticket Income $470,603
Level 2 -- Attendance: 4987 (99.74%) -- Ticket Income $234,389
Level 3 -- Attendance: 1933 (96.65%) -- Ticket Income $57,990
Level 4 -- Attendance: 4000 (100.00%) -- Ticket Income $60,000
Luxury Box -- Attendance: 958 (95.80%) -- Ticket Income $172,440
Game was played at the HSBC Arena
Total Attendance: 17835 (99.08%)
Total Ticket Income: $995,422
Other Income: $487,757
Total Income: $1,483,179

Islanders

5 vs 5 Forward 
   Center                   Left Wing                Right Wing               Time % Phy DF OF 
 1 Joe Pavelski             Jamie Benn               Tyler Ennis              30     1   1  3  
 2 David Krejci             Chris Kunitz             Carl Hagelin             28     1   1  3  
 3 Jarret Stoll             Kevin Porter             Colton Sceviour          25     1   2  2  
 4 Marcel Goc               Craig Adams              Matt Martin              17     1   2  2  

5 vs 5 Defense 
   Defense                  Defense                                           Time % Phy DF OF 
 1 Erik Karlsson            Paul Martin                                       37     1   3  1  
 2 Travis Hamonic           Kyle Quincey                                      32     1   3  1  
 3 Olli Maatta              Rob Scuderi                                       28     1   3  1  
 4 Travis Hamonic           Erik Karlsson                                     3      1   3  1  

PowerPlay Forward 
   Center                   Left Wing                Right Wing               Time % Phy DF OF 
 1 Joe Pavelski             Chris Kunitz             Jamie Benn               60     1   2  2  
 2 David Krejci             Tyler Ennis              Carl Hagelin             40     1   2  2  

PowerPlay Defense
   Defense                  Defense                                           Time % Phy DF OF 
 1 Erik Karlsson            Kyle Quincey                                      60     1   2  2  
 2 Travis Hamonic           Paul Martin                                       40     1   2  2  

Penalty Kill 4 Players Forward 
   Center                   Wing                     Time % Phy DF OF 
 1 Jarret Stoll             Craig Adams              60     1   2  2  
 2 Marcel Goc               Joe Pavelski             40     1   2  2  

Penalty Kill 4 Players Defense
   Defense                  Defense                  Time % Phy DF OF 
 1 Travis Hamonic           Rob Scuderi              60     1   2  2  
 2 Kyle Quincey             Erik Karlsson            40     1   2  2  

Penalty Kill - 3 Players Forward 
   Forward                                           Time % Phy DF OF 
 1 Jarret Stoll                                      60     1   2  2  
 2 Marcel Goc                                        40     1   2  2  

Penalty Kill - 3 Players Defense
   Defense                  Defense                  Time % Phy DF OF 
 1 Travis Hamonic           Rob Scuderi              60     1   2  2  
 2 Kyle Quincey             Erik Karlsson            40     1   2  2  

4 vs 4 Forward 
   Center                   Wing                     Time % Phy DF OF 
 1 Joe Pavelski             Jamie Benn               60     1   2  2  
 2 David Krejci             Chris Kunitz             40     1   2  2  

4 vs 4 Defense
   Defense                  Defense                  Time % Phy DF OF 
 1 Erik Karlsson            Paul Martin              60     1   2  2  
 2 Travis Hamonic           Kyle Quincey             40     1   2  2  

Last Minutes Offensive
   Center                   Left Wing                Right Wing               Defense                  Defense                  
   Joe Pavelski             Chris Kunitz             Jamie Benn               Erik Karlsson            Paul Martin              

Last Minutes Defensive
   Center                   Left Wing                Right Wing               Defense                  Defense                  
   Jarret Stoll             Marcel Goc               Craig Adams              Travis Hamonic           Paul Martin              

Goaltenders
Starting : Braden Holtby            
Backup : Curtis McElhinney        

Extra Forwards
Normal : Joe Pavelski, Chris Kunitz, Jamie Benn - PP : Joe Pavelski, Chris Kunitz - PK : Jarret Stoll
Extra Defensemen
Normal : Kyle Quincey, Travis Hamonic, Erik Karlsson - PP : Erik Karlsson - PK : Erik Karlsson, Travis Hamonic
Penalty Shots
Jarret Stoll, Chris Kunitz, Joe Pavelski, Tyler Ennis, Kyle Quincey

Sabres

5 vs 5 Forward 
   Center                   Left Wing                Right Wing               Time % Phy DF OF 
 1 Sidney Crosby            David Perron             Blake Wheeler            40     0   1  4  
 2 Steven Stamkos           Henrik Zetterberg        Gustav Nyquist           37     0   1  4  
 3 Matt Stajan              Dwight King              Chris Higgins            13     1   2  2  
 4 Will Acton               Steve Downie             Marc-Andre Cliche        10     2   2  1  

5 vs 5 Defense 
   Defense                  Defense                                           Time % Phy DF OF 
 1 Brooks Orpik             Alex Pietrangelo                                  37     1   3  1  
 2 Jay Bouwmeester          Stephane Robidas                                  36     1   2  2  
 3 Alec Martinez            Matt Bartkowski                                   17     1   4  0  
 4 Jay Bouwmeester          Alex Pietrangelo                                  10     1   1  3  

PowerPlay Forward 
   Center                   Left Wing                Right Wing               Time % Phy DF OF 
 1 Sidney Crosby            David Perron             Steven Stamkos           55     0   0  5  
 2 Henrik Zetterberg        Gustav Nyquist           Blake Wheeler            45     0   0  5  

PowerPlay Defense
   Defense                  Defense                                           Time % Phy DF OF 
 1 Jay Bouwmeester          Alex Pietrangelo                                  55     0   2  3  
 2 Alec Martinez            Brooks Orpik                                      45     0   2  3  

Penalty Kill 4 Players Forward 
   Center                   Wing                     Time % Phy DF OF 
 1 Matt Stajan              Marc-Andre Cliche        50     1   4  0  
 2 Will Acton               Henrik Zetterberg        50     2   3  0  

Penalty Kill 4 Players Defense
   Defense                  Defense                  Time % Phy DF OF 
 1 Brooks Orpik             Alex Pietrangelo         50     1   4  0  
 2 Stephane Robidas         Jay Bouwmeester          50     1   4  0  

Penalty Kill - 3 Players Forward 
   Forward                                           Time % Phy DF OF 
 1 Matt Stajan                                       50     1   2  2  
 2 Will Acton                                        50     1   2  2  

Penalty Kill - 3 Players Defense
   Defense                  Defense                  Time % Phy DF OF 
 1 Brooks Orpik             Alex Pietrangelo         50     1   4  0  
 2 Stephane Robidas         Jay Bouwmeester          50     1   4  0  

4 vs 4 Forward 
   Center                   Wing                     Time % Phy DF OF 
 1 Sidney Crosby            Blake Wheeler            50     0   1  4  
 2 Steven Stamkos           Henrik Zetterberg        50     1   1  3  

4 vs 4 Defense
   Defense                  Defense                  Time % Phy DF OF 
 1 Jay Bouwmeester          Alex Pietrangelo         50     1   2  2  
 2 Alec Martinez            Brooks Orpik             50     1   2  2  

Last Minutes Offensive
   Center                   Left Wing                Right Wing               Defense                  Defense                  
   Sidney Crosby            Henrik Zetterberg        Steven Stamkos           Jay Bouwmeester          Alex Pietrangelo         

Last Minutes Defensive
   Center                   Left Wing                Right Wing               Defense                  Defense                  
   Henrik Zetterberg        Dwight King              Chris Higgins            Brooks Orpik             Alex Pietrangelo         

Goaltenders
Starting : Josh Harding             
Backup : Evgeni Nabokov           

Extra Forwards
Normal : Steven Stamkos, Henrik Zetterberg, Gustav Nyquist - PP : David Perron, Steven Stamkos - PK : Marc-Andre Cliche
Extra Defensemen
Normal : Alex Pietrangelo, Stephane Robidas, Brooks Orpik - PP : Stephane Robidas - PK : Stephane Robidas, Brooks Orpik
Penalty Shots
Steven Stamkos, Sidney Crosby, Blake Wheeler, David Perron, Henrik Zetterberg

% Time on Ice - Islanders

Lines # - Real PCT - Wanted PCT - Time Play
Normal Forward
1 - 31% - 30% - 14:16
2 - 29% - 28% - 13:07
3 - 25% - 25% - 11:37
4 - 15% - 17% - 6:52
Normal Defense
1 - 38% - 37% - 17:15
2 - 34% - 32% - 15:49
3 - 28% - 28% - 12:48
4 - 0% - 3% - 0:00
PP Forward
1 - 72% - 60% - 2:56
2 - 28% - 40% - 1:10
PP Defense
1 - 86% - 60% - 3:31
2 - 14% - 40% - 0:35
PK Forward
1 - 76% - 60% - 7:38
2 - 24% - 40% - 2:24
PK Defense
1 - 64% - 60% - 6:23
2 - 36% - 40% - 3:39
PK3 Forward
1 - 0% - 60%
2 - 0% - 40%
PK3 Defense
1 - 0% - 60%
2 - 0% - 40%
44 Forward
1 - 100% - 60% - 1:27
2 - 0% - 40% - 0:00
44 Defense
1 - 67% - 60% - 0:58
2 - 33% - 40% - 0:29
Last Minute Offensive  - 0:00
Last Minute Defensive  - 0:00
Total
Forward - 61:27
Defense - 61:27

% Time on Ice - Sabres

Lines # - Real PCT - Wanted PCT - Time Play
Normal Forward
1 - 34% - 40% - 15:49
2 - 32% - 37% - 14:35
3 - 18% - 13% - 8:23
4 - 15% - 10% - 7:05
Normal Defense
1 - 38% - 37% - 17:30
2 - 39% - 36% - 17:42
3 - 20% - 17% - 9:03
4 - 4% - 10% - 1:37
PP Forward
1 - 57% - 55% - 5:45
2 - 43% - 45% - 4:17
PP Defense
1 - 54% - 55% - 5:25
2 - 46% - 45% - 4:37
PK Forward
1 - 58% - 50% - 2:23
2 - 42% - 50% - 1:43
PK Defense
1 - 54% - 50% - 2:14
2 - 46% - 50% - 1:52
PK3 Forward
1 - 0% - 50%
2 - 0% - 50%
PK3 Defense
1 - 0% - 50%
2 - 0% - 50%
44 Forward
1 - 48% - 50% - 0:42
2 - 52% - 50% - 0:45
44 Defense
1 - 100% - 50% - 1:27
2 - 0% - 50% - 0:00
Last Minute Offensive  - 0:00
Last Minute Defensive  - 0:00
Total
Forward - 61:27
Defense - 61:27

Play by Play

1st period


0:01 of 1st period - Tyler Ennis wins face-off versus Sidney Crosby in neutral zone.
0:57 of 1st period - Steven Stamkos is hit by Carl Hagelin and loses puck.
2:32 of 1st period - Snap shot by Steve Downie.
2:32 of 1st period - Stopped by Braden Holtby with a rebound.
3:00 of 1st period - David Perron is hit by Matt Martin.
3:21 of 1st period - Craig Adams is hit by Brooks Orpik and loses puck.
3:42 of 1st period - Travis Hamonic is hit by Steven Stamkos and loses puck.
3:49 of 1st period - Joe Pavelski is hit by Henrik Zetterberg and loses puck.
4:04 of 1st period - Snap shot by Steven Stamkos.
4:04 of 1st period - Stopped by Braden Holtby without a rebound.
4:05 of 1st period - Joe Pavelski wins face-off versus Chris Higgins in Islanders zone.
4:12 of 1st period - Slapshot by Joe Pavelski.
4:12 of 1st period - Shot Misses the Net.
4:40 of 1st period - Travis Hamonic is hit by Matt Stajan and loses puck.
5:03 of 1st period - Marcel Goc is hit by Will Acton and loses puck.
5:22 of 1st period - Slapshot by Craig Adams.
5:22 of 1st period - Stopped by Josh Harding without a rebound.
5:23 of 1st period - Steven Stamkos wins face-off versus Jarret Stoll in Sabres zone.
5:38 of 1st period - Olli Maatta is hit by Steven Stamkos and loses puck.
5:44 of 1st period - Off-side.
5:45 of 1st period - Joe Pavelski wins face-off versus Sidney Crosby in neutral zone.
5:54 of 1st period - Snap shot by Joe Pavelski.
5:54 of 1st period - Stopped by Josh Harding without a rebound.
5:54 of 1st period - Minor Penalty to Josh Harding for Delaying the game.
5:55 of 1st period - Matt Stajan wins face-off versus Joe Pavelski in Sabres zone.
6:44 of 1st period - Slapshot by Erik Karlsson.
6:44 of 1st period - Shot Blocked by Alex Pietrangelo.
6:46 of 1st period - Snap shot by Kyle Quincey.
6:46 of 1st period - Stopped by Josh Harding with a rebound.
6:52 of 1st period - Wrist shot by Tyler Ennis.
6:52 of 1st period - Shot Misses the Net.
6:54 of 1st period - Slapshot by Tyler Ennis.
6:54 of 1st period - Goal by Tyler Ennis - Islanders : 1 - Sabres : 0.
6:55 of 1st period - Jarret Stoll wins face-off versus Blake Wheeler in neutral zone.
8:24 of 1st period - Snap shot by Chris Kunitz.
8:24 of 1st period - Deflect By David Krejci.
8:24 of 1st period - Goal by David Krejci - Islanders : 2 - Sabres : 0.
8:25 of 1st period - David Krejci wins face-off versus Steven Stamkos in neutral zone.
9:17 of 1st period - Matt Martin is hit by Chris Higgins and loses puck.
9:28 of 1st period - Wrist shot by Chris Higgins.
9:28 of 1st period - Shot Misses the Net.
9:30 of 1st period - Slapshot by Matt Bartkowski.
9:30 of 1st period - Stopped by Braden Holtby with a rebound.
9:32 of 1st period - Slapshot by Alec Martinez.
9:32 of 1st period - Shot Blocked by Kyle Quincey.
9:34 of 1st period - Slapshot by Matt Bartkowski.
9:34 of 1st period - Shot Misses the Net.
9:36 of 1st period - Snap shot by Matt Bartkowski.
9:36 of 1st period - Shot Misses the Net.
9:38 of 1st period - Slapshot by Alec Martinez.
9:38 of 1st period - Deflect By Chris Higgins.
9:38 of 1st period - Shot Misses the Net.
9:38 of 1st period - Puck is out of play.
9:39 of 1st period - Joe Pavelski wins face-off versus Sidney Crosby in Islanders zone.
9:45 of 1st period - Slapshot by Paul Martin.
9:45 of 1st period - Stopped by Josh Harding with a rebound.
10:11 of 1st period - Paul Martin is hit by David Perron and loses puck.
10:42 of 1st period - Minor Penalty to Colton Sceviour for High sticking.
10:43 of 1st period - Henrik Zetterberg wins face-off versus Jarret Stoll in Islanders zone.
11:33 of 1st period - Snap shot by Alex Pietrangelo.
11:33 of 1st period - Shot Blocked by Travis Hamonic.
11:35 of 1st period - Slapshot by Jay Bouwmeester.
11:35 of 1st period - Shot Blocked by Jarret Stoll.
11:37 of 1st period - Snap shot by Steven Stamkos.
11:37 of 1st period - Shot Misses the Net.
11:39 of 1st period - Snap shot by Sidney Crosby.
11:39 of 1st period - Goal by Sidney Crosby - Islanders : 2 - Sabres : 1.
11:40 of 1st period - Steven Stamkos wins face-off versus David Krejci in neutral zone.
11:54 of 1st period - Slapshot by David Krejci.
11:54 of 1st period - Shot Blocked by Jay Bouwmeester.
11:56 of 1st period - Slapshot by Erik Karlsson.
11:56 of 1st period - Shot Blocked by Stephane Robidas.
12:12 of 1st period - Slapshot by Erik Karlsson.
12:12 of 1st period - Stopped by Josh Harding without a rebound.
12:13 of 1st period - Joe Pavelski wins face-off versus Sidney Crosby in Sabres zone.
12:22 of 1st period - Wrist shot by Joe Pavelski.
12:22 of 1st period - Stopped by Josh Harding without a rebound.
12:23 of 1st period - Joe Pavelski wins face-off versus Sidney Crosby in Sabres zone.
12:28 of 1st period - Snap shot by Jamie Benn.
12:28 of 1st period - Shot Misses the Net.
12:51 of 1st period - Slapshot by Olli Maatta.
12:51 of 1st period - Stopped by Josh Harding with a rebound.
13:10 of 1st period - Brooks Orpik is hit by Colton Sceviour and loses puck.
14:03 of 1st period - Slapshot by Travis Hamonic.
14:03 of 1st period - Stopped by Josh Harding with a rebound.
14:05 of 1st period - Slapshot by Paul Martin.
14:05 of 1st period - Deflect By Craig Adams.
14:05 of 1st period - Shot Blocked by Jay Bouwmeester.
14:05 of 1st period - Puck is out of play.
14:06 of 1st period - David Krejci wins face-off versus Steven Stamkos in Sabres zone.
14:17 of 1st period - Slapshot by Erik Karlsson.
14:17 of 1st period - Deflect By Henrik Zetterberg.
14:17 of 1st period - Stopped by Josh Harding with a rebound.
14:19 of 1st period - Slapshot by Paul Martin.
14:19 of 1st period - Stopped by Josh Harding without a rebound.
14:20 of 1st period - David Krejci wins face-off versus Matt Stajan in Sabres zone.
15:39 of 1st period - Slapshot by Henrik Zetterberg.
15:39 of 1st period - Shot Blocked by Rob Scuderi.
16:15 of 1st period - Kyle Quincey is hit by Matt Bartkowski and loses puck.
16:20 of 1st period - Slapshot by Steve Downie.
16:20 of 1st period - Shot Misses the Net.
16:40 of 1st period - Kyle Quincey is hit by Matt Stajan and loses puck.
17:09 of 1st period - Blake Wheeler is hit by Marcel Goc and loses puck.
17:18 of 1st period - Slapshot by Brooks Orpik.
17:18 of 1st period - Deflect By Sidney Crosby.
17:18 of 1st period - Stopped by Braden Holtby with a rebound.
17:27 of 1st period - Icing by David Perron.
17:28 of 1st period - Steven Stamkos wins face-off versus David Krejci in Sabres zone.
17:37 of 1st period - Snap shot by Gustav Nyquist.
17:37 of 1st period - Stopped by Braden Holtby without a rebound.
17:38 of 1st period - David Krejci wins face-off versus Henrik Zetterberg in Islanders zone.
17:46 of 1st period - Jay Bouwmeester is hit by Chris Kunitz and loses puck.
17:55 of 1st period - Snap shot by Chris Kunitz.
17:55 of 1st period - Shot Misses the Net.
17:57 of 1st period - Wrist shot by Chris Kunitz.
17:57 of 1st period - Shot Misses the Net.
18:05 of 1st period - Snap shot by Chris Kunitz.
18:05 of 1st period - Stopped by Josh Harding without a rebound.
18:06 of 1st period - Jarret Stoll wins face-off versus Sidney Crosby in Sabres zone.
19:56 of 1st period - Snap shot by Carl Hagelin.
19:56 of 1st period - Shot Blocked by Jay Bouwmeester.
19:58 of 1st period - Slapshot by Travis Hamonic.
19:58 of 1st period - Shot Misses the Net.
Goals for this period are 2 for Islanders vs 1 for Sabres.
Shots for this period are 13 for Islanders vs 6 for Sabres.

2nd period


0:01 of 2nd period - Marcel Goc wins face-off versus Sidney Crosby in neutral zone.
0:08 of 2nd period - Wrist shot by Marcel Goc.
0:08 of 2nd period - Stopped by Josh Harding with a rebound.
0:35 of 2nd period - Off-side.
0:36 of 2nd period - David Krejci wins face-off versus Steven Stamkos in neutral zone.
0:41 of 2nd period - Brooks Orpik is hit by David Krejci and loses puck.
1:06 of 2nd period - Snap shot by Steven Stamkos.
1:06 of 2nd period - Shot Blocked by Olli Maatta.
1:37 of 2nd period - Wrist shot by Joe Pavelski.
1:37 of 2nd period - Shot Misses the Net.
1:39 of 2nd period - Slapshot by Kyle Quincey.
1:39 of 2nd period - Shot Blocked by Brooks Orpik.
2:03 of 2nd period - Wrist shot by Joe Pavelski.
2:03 of 2nd period - Shot Misses the Net.
2:15 of 2nd period - Snap shot by Jarret Stoll.
2:15 of 2nd period - Goal by Jarret Stoll - Islanders : 3 - Sabres : 1.
2:16 of 2nd period - Sidney Crosby wins face-off versus Jarret Stoll in neutral zone.
2:28 of 2nd period - Snap shot by Sidney Crosby.
2:28 of 2nd period - Deflect By Erik Karlsson.
2:28 of 2nd period - Shot Blocked by Paul Martin.
2:28 of 2nd period - Puck is out of play.
2:29 of 2nd period - Jarret Stoll wins face-off versus Sidney Crosby in Islanders zone.
3:23 of 2nd period - Erik Karlsson is hit by Jay Bouwmeester and loses puck.
4:01 of 2nd period - Snap shot by Alex Pietrangelo.
4:01 of 2nd period - Deflect By Will Acton.
4:01 of 2nd period - Shot Blocked by Jamie Benn.
4:01 of 2nd period - Puck is out of play.
4:02 of 2nd period - Will Acton wins face-off versus David Krejci in Islanders zone.
4:07 of 2nd period - Snap shot by Alec Martinez.
4:07 of 2nd period - Shot Blocked by Carl Hagelin.
4:09 of 2nd period - Minor Penalty to Chris Kunitz for Holding.
4:10 of 2nd period - Jarret Stoll wins face-off versus Sidney Crosby in Islanders zone.
4:21 of 2nd period - Jarret Stoll is hit by Jay Bouwmeester and loses puck.
4:38 of 2nd period - Snap shot by Steven Stamkos.
4:38 of 2nd period - Shot Blocked by Travis Hamonic.
4:40 of 2nd period - Slapshot by Jay Bouwmeester.
4:40 of 2nd period - Shot Blocked by Travis Hamonic.
4:42 of 2nd period - Slapshot by Jay Bouwmeester.
4:42 of 2nd period - Stopped by Braden Holtby with a rebound.
4:44 of 2nd period - Slapshot by Alex Pietrangelo.
4:44 of 2nd period - Shot Misses the Net.
4:46 of 2nd period - Slapshot by Jay Bouwmeester.
4:46 of 2nd period - Shot Blocked by Rob Scuderi.
5:08 of 2nd period - Erik Karlsson is hit by Alex Pietrangelo and loses puck.
5:13 of 2nd period - Wrist shot by Henrik Zetterberg.
5:13 of 2nd period - Stopped by Braden Holtby with a rebound.
5:15 of 2nd period - Slapshot by Brooks Orpik.
5:15 of 2nd period - Stopped by Braden Holtby without a rebound.
5:16 of 2nd period - Henrik Zetterberg wins face-off versus Jarret Stoll in Islanders zone.
5:53 of 2nd period - Brooks Orpik is hit by Kyle Quincey and loses puck.
6:00 of 2nd period - Joe Pavelski is hit by David Perron and loses puck.
6:09 of 2nd period - Penalty to Chris Kunitz is over, Chris Kunitz is back on ice.
6:17 of 2nd period - Wrist shot by Henrik Zetterberg.
6:17 of 2nd period - Shot Misses the Net.
6:19 of 2nd period - Snap shot by Jay Bouwmeester.
6:19 of 2nd period - Shot Misses the Net.
6:21 of 2nd period - Slapshot by Jay Bouwmeester.
6:21 of 2nd period - Stopped by Braden Holtby with a rebound.
6:23 of 2nd period - Slapshot by Matt Bartkowski.
6:23 of 2nd period - Deflect By Erik Karlsson.
6:23 of 2nd period - Stopped by Braden Holtby without a rebound.
6:24 of 2nd period - David Krejci wins face-off versus Henrik Zetterberg in Islanders zone.
6:24 of 2nd period - David Krejci is hit by Blake Wheeler.
6:53 of 2nd period - Off-side.
6:54 of 2nd period - Joe Pavelski wins face-off versus Matt Stajan in neutral zone.
6:59 of 2nd period - Snap shot by Jamie Benn.
6:59 of 2nd period - Stopped by Josh Harding without a rebound.
7:00 of 2nd period - Matt Stajan wins face-off versus Joe Pavelski in Sabres zone.
7:02 of 2nd period - Minor Penalty to Stephane Robidas for Roughing.
7:03 of 2nd period - Joe Pavelski wins face-off versus Matt Stajan in Sabres zone.
7:21 of 2nd period - Wrist shot by Jamie Benn.
7:21 of 2nd period - Goal by Jamie Benn - Islanders : 4 - Sabres : 1.
7:22 of 2nd period - Colton Sceviour wins face-off versus Sidney Crosby in neutral zone.
7:52 of 2nd period - Wrist shot by Colton Sceviour.
7:52 of 2nd period - Shot Blocked by Blake Wheeler.
7:54 of 2nd period - Slapshot by Kevin Porter.
7:54 of 2nd period - Shot Misses the Net.
7:58 of 2nd period - Slapshot by Colton Sceviour.
7:58 of 2nd period - Stopped by Josh Harding without a rebound.
7:59 of 2nd period - Steven Stamkos wins face-off versus Marcel Goc in Sabres zone.
8:07 of 2nd period - Minor Penalty to Matt Martin for High sticking.
8:08 of 2nd period - Craig Adams wins face-off versus David Perron in Islanders zone.
8:17 of 2nd period - Wrist shot by Sidney Crosby.
8:17 of 2nd period - Shot Misses the Net.
8:39 of 2nd period - Wrist shot by Sidney Crosby.
8:39 of 2nd period - Goal by Sidney Crosby - Islanders : 4 - Sabres : 2.
8:40 of 2nd period - Henrik Zetterberg wins face-off versus Carl Hagelin in neutral zone.
9:04 of 2nd period - Wrist shot by Henrik Zetterberg.
9:04 of 2nd period - Stopped by Braden Holtby with a rebound.
9:14 of 2nd period - Snap shot by David Krejci.
9:14 of 2nd period - Shot Misses the Net.
9:16 of 2nd period - Backhand shot by Erik Karlsson.
9:16 of 2nd period - Stopped by Josh Harding with a rebound.
9:18 of 2nd period - Snap shot by Chris Kunitz.
9:18 of 2nd period - Stopped by Josh Harding with a rebound.
9:38 of 2nd period - Blake Wheeler is hit by Joe Pavelski and loses puck.
10:16 of 2nd period - Slapshot by Olli Maatta.
10:16 of 2nd period - Stopped by Josh Harding with a rebound.
10:38 of 2nd period - Slapshot by Olli Maatta.
10:38 of 2nd period - Deflect By Marcel Goc.
10:38 of 2nd period - Shot Blocked by Alec Martinez.
10:38 of 2nd period - Puck is out of play.
10:39 of 2nd period - Kevin Porter wins face-off versus Will Acton in Sabres zone.
12:21 of 2nd period - Wrist shot by Gustav Nyquist.
12:21 of 2nd period - Stopped by Braden Holtby with a rebound.
12:23 of 2nd period - Wrist shot by Brooks Orpik.
12:23 of 2nd period - Shot Misses the Net.
12:25 of 2nd period - Slapshot by Alex Pietrangelo.
12:25 of 2nd period - Shot Blocked by Paul Martin.
12:27 of 2nd period - Slapshot by Gustav Nyquist.
12:27 of 2nd period - Goal by Gustav Nyquist - Islanders : 4 - Sabres : 3.
12:28 of 2nd period - Sidney Crosby wins face-off versus Marcel Goc in neutral zone.
12:33 of 2nd period - Snap shot by Blake Wheeler.
12:33 of 2nd period - Shot Misses the Net.
12:35 of 2nd period - Slapshot by Brooks Orpik.
12:35 of 2nd period - Stopped by Braden Holtby with a rebound.
12:42 of 2nd period - Minor Penalty to Matt Martin for Hooking.
12:43 of 2nd period - Jarret Stoll wins face-off versus Sidney Crosby in Islanders zone.
13:08 of 2nd period - Craig Adams is hit by Steven Stamkos and loses puck.
13:19 of 2nd period - Slapshot by Sidney Crosby.
13:19 of 2nd period - Shot Misses the Net.
13:21 of 2nd period - Snap shot by Steven Stamkos.
13:21 of 2nd period - Stopped by Braden Holtby with a rebound.
13:38 of 2nd period - Snap shot by Henrik Zetterberg.
13:38 of 2nd period - Goal by Henrik Zetterberg - Islanders : 4 - Sabres : 4.
13:39 of 2nd period - Will Acton wins face-off versus Joe Pavelski in neutral zone.
13:56 of 2nd period - Slapshot by Jay Bouwmeester.
13:56 of 2nd period - Deflect By Steve Downie.
13:56 of 2nd period - Shot Misses the Net.
13:56 of 2nd period - Puck is out of play.
13:57 of 2nd period - Will Acton wins face-off versus Joe Pavelski in Islanders zone.
14:03 of 2nd period - Minor Penalty to Jamie Benn for Cross-checking.
14:04 of 2nd period - Sidney Crosby wins face-off versus Jarret Stoll in Islanders zone.
14:16 of 2nd period - Slapshot by Jay Bouwmeester.
14:16 of 2nd period - Shot Misses the Net.
14:18 of 2nd period - Snap shot by Sidney Crosby.
14:18 of 2nd period - Shot Misses the Net.
15:04 of 2nd period - Snap shot by Blake Wheeler.
15:04 of 2nd period - Stopped by Braden Holtby without a rebound.
15:05 of 2nd period - Henrik Zetterberg wins face-off versus Marcel Goc in Islanders zone.
15:16 of 2nd period - Wrist shot by Gustav Nyquist.
15:16 of 2nd period - Shot Blocked by Joe Pavelski.
15:24 of 2nd period - Snap shot by Henrik Zetterberg.
15:24 of 2nd period - Shot Misses the Net.
15:26 of 2nd period - Slapshot by Brooks Orpik.
15:26 of 2nd period - Deflect By Henrik Zetterberg.
15:26 of 2nd period - Shot Misses the Net.
15:26 of 2nd period - Puck is out of play.
15:27 of 2nd period - Sidney Crosby wins face-off versus Jarret Stoll in Islanders zone.
15:32 of 2nd period - Wrist shot by Steven Stamkos.
15:32 of 2nd period - Shot Blocked by Erik Karlsson.
15:34 of 2nd period - Wrist shot by Jay Bouwmeester.
15:34 of 2nd period - Stopped by Braden Holtby with a rebound.
15:36 of 2nd period - Slapshot by Alex Pietrangelo.
15:36 of 2nd period - Deflect By Sidney Crosby.
15:36 of 2nd period - Shot Misses the Net.
15:36 of 2nd period - Puck is out of play.
15:37 of 2nd period - Sidney Crosby wins face-off versus Jarret Stoll in Islanders zone.
16:03 of 2nd period - Penalty to Jamie Benn is over, Jamie Benn is back on ice.
16:23 of 2nd period - Minor Penalty to Carl Hagelin for Holding.
16:24 of 2nd period - Jarret Stoll wins face-off versus Henrik Zetterberg in Islanders zone.
17:18 of 2nd period - Travis Hamonic is hit by Brooks Orpik.
18:03 of 2nd period - Wrist shot by Blake Wheeler.
18:03 of 2nd period - Goal by Blake Wheeler - Islanders : 4 - Sabres : 5.
18:04 of 2nd period - Matt Stajan wins face-off versus David Krejci in neutral zone.
18:26 of 2nd period - Slapshot by Stephane Robidas.
18:26 of 2nd period - Stopped by Braden Holtby with a rebound.
18:56 of 2nd period - Blake Wheeler is hit by Jamie Benn and loses puck.
19:20 of 2nd period - Backhand shot by Kyle Quincey.
19:20 of 2nd period - Shot Misses the Net.
19:22 of 2nd period - Slapshot by Travis Hamonic.
19:22 of 2nd period - Shot Misses the Net.
19:24 of 2nd period - Wrist shot by Tyler Ennis.
19:24 of 2nd period - Deflect By Jamie Benn.
19:24 of 2nd period - Shot Misses the Net.
19:24 of 2nd period - Puck is out of play.
19:25 of 2nd period - Steven Stamkos wins face-off versus Jarret Stoll in Sabres zone.
19:25 of 2nd period - Steven Stamkos is hit by Jarret Stoll.
19:28 of 2nd period - Minor Penalty to Steven Stamkos for Roughing.
19:29 of 2nd period - Will Acton wins face-off versus Joe Pavelski in Sabres zone.
19:36 of 2nd period - Off-side.
19:37 of 2nd period - Joe Pavelski wins face-off versus Will Acton in neutral zone.
19:47 of 2nd period - Snap shot by Henrik Zetterberg.
19:47 of 2nd period - Stopped by Braden Holtby with a rebound.
Goals for this period are 2 for Islanders vs 4 for Sabres.
Shots for this period are 8 for Islanders vs 17 for Sabres.

3rd period


0:01 of 3rd period - Matt Stajan wins face-off versus Joe Pavelski in neutral zone.
0:03 of 3rd period - Off-side.
0:04 of 3rd period - Matt Stajan wins face-off versus Joe Pavelski in neutral zone.
0:35 of 3rd period - Off-side.
0:36 of 3rd period - Matt Stajan wins face-off versus David Krejci in neutral zone.
0:59 of 3rd period - Snap shot by Alex Pietrangelo.
0:59 of 3rd period - Shot Blocked by Paul Martin.
1:01 of 3rd period - Snap shot by Alex Pietrangelo.
1:01 of 3rd period - Stopped by Braden Holtby without a rebound.
1:02 of 3rd period - Will Acton wins face-off versus Joe Pavelski in Islanders zone.
1:03 of 3rd period - Wrist shot by Henrik Zetterberg.
1:03 of 3rd period - Stopped by Braden Holtby with a rebound.
1:28 of 3rd period - Penalty to Steven Stamkos is over, Steven Stamkos is back on ice.
1:34 of 3rd period - Snap shot by Erik Karlsson.
1:34 of 3rd period - Shot Misses the Net.
1:58 of 3rd period - Stephane Robidas is hit by Jarret Stoll and loses puck.
2:45 of 3rd period - Craig Adams is hit by Henrik Zetterberg and loses puck.
2:57 of 3rd period - Will Acton is hit by Matt Martin and loses puck.
3:08 of 3rd period - Paul Martin is hit by Steven Stamkos and loses puck.
3:25 of 3rd period - Slapshot by Chris Kunitz.
3:25 of 3rd period - Shot Blocked by Alex Pietrangelo.
3:27 of 3rd period - Wrist shot by David Krejci.
3:27 of 3rd period - Shot Misses the Net.
3:29 of 3rd period - Slapshot by Erik Karlsson.
3:29 of 3rd period - Shot Blocked by Alex Pietrangelo.
3:31 of 3rd period - Slapshot by Erik Karlsson.
3:31 of 3rd period - Goal by Erik Karlsson - Islanders : 5 - Sabres : 5.
3:32 of 3rd period - Joe Pavelski wins face-off versus Sidney Crosby in neutral zone.
3:41 of 3rd period - Slapshot by Joe Pavelski.
3:41 of 3rd period - Stopped by Josh Harding with a rebound.
3:43 of 3rd period - Slapshot by Kyle Quincey.
3:43 of 3rd period - Shot Blocked by Brooks Orpik.
3:45 of 3rd period - Slapshot by Kyle Quincey.
3:45 of 3rd period - Shot Misses the Net.
3:47 of 3rd period - Slapshot by Kyle Quincey.
3:47 of 3rd period - Deflect By Tyler Ennis.
3:47 of 3rd period - Shot Misses the Net.
3:47 of 3rd period - Puck is out of play.
3:48 of 3rd period - Sidney Crosby wins face-off versus Joe Pavelski in Sabres zone.
4:13 of 3rd period - Jamie Benn is hit by Sidney Crosby and loses puck.
5:02 of 3rd period - Wrist shot by Dwight King.
5:02 of 3rd period - Shot Blocked by Travis Hamonic.
5:04 of 3rd period - Slapshot by Matt Stajan.
5:04 of 3rd period - Shot Misses the Net.
5:06 of 3rd period - Slapshot by Matt Bartkowski.
5:06 of 3rd period - Deflect By Dwight King.
5:06 of 3rd period - Shot Misses the Net.
5:06 of 3rd period - Puck is out of play.
5:07 of 3rd period - David Krejci wins face-off versus Matt Stajan in Islanders zone.
5:09 of 3rd period - Minor Penalty to Erik Karlsson for Holding.
5:10 of 3rd period - Sidney Crosby wins face-off versus Jarret Stoll in Islanders zone.
5:48 of 3rd period - Craig Adams is hit by Blake Wheeler and loses puck.
5:58 of 3rd period - Snap shot by Gustav Nyquist.
5:58 of 3rd period - Shot Misses the Net.
6:00 of 3rd period - Slapshot by Jay Bouwmeester.
6:00 of 3rd period - Shot Blocked by Travis Hamonic.
7:02 of 3rd period - Olli Maatta is hit by Brooks Orpik and loses puck.
7:09 of 3rd period - Penalty to Erik Karlsson is over, Erik Karlsson is back on ice.
7:24 of 3rd period - Snap shot by Jay Bouwmeester.
7:24 of 3rd period - Deflect By Dwight King.
7:24 of 3rd period - Goal by Dwight King - Islanders : 5 - Sabres : 6.
7:25 of 3rd period - David Krejci wins face-off versus Will Acton in neutral zone.
7:40 of 3rd period - Snap shot by Jay Bouwmeester.
7:40 of 3rd period - Shot Blocked by Paul Martin.
7:42 of 3rd period - Snap shot by Marc-Andre Cliche.
7:42 of 3rd period - Stopped by Braden Holtby without a rebound.
7:43 of 3rd period - David Krejci wins face-off versus Will Acton in Islanders zone.
7:48 of 3rd period - Snap shot by Erik Karlsson.
7:48 of 3rd period - Stopped by Josh Harding with a rebound.
7:58 of 3rd period - Slapshot by Jay Bouwmeester.
7:58 of 3rd period - Shot Blocked by Paul Martin.
8:00 of 3rd period - Slapshot by Marc-Andre Cliche.
8:00 of 3rd period - Shot Blocked by Carl Hagelin.
8:26 of 3rd period - Jamie Benn is hit by Stephane Robidas and loses puck.
8:52 of 3rd period - Wrist shot by Joe Pavelski.
8:52 of 3rd period - Shot Misses the Net.
9:04 of 3rd period - Minor Penalty to Steven Stamkos for Goalie Interference.
9:05 of 3rd period - Matt Stajan wins face-off versus Joe Pavelski in Sabres zone.
9:22 of 3rd period - Slapshot by Erik Karlsson.
9:22 of 3rd period - Stopped by Josh Harding with a rebound.
9:24 of 3rd period - Slapshot by Erik Karlsson.
9:24 of 3rd period - Stopped by Josh Harding with a rebound.
9:52 of 3rd period - Slapshot by Erik Karlsson.
9:52 of 3rd period - Goal by Erik Karlsson - Islanders : 6 - Sabres : 6.
9:53 of 3rd period - Jarret Stoll wins face-off versus Sidney Crosby in neutral zone.
9:55 of 3rd period - Off-side.
9:56 of 3rd period - Jarret Stoll wins face-off versus Sidney Crosby in neutral zone.
10:22 of 3rd period - Snap shot by Sidney Crosby.
10:22 of 3rd period - Stopped by Braden Holtby without a rebound.
10:23 of 3rd period - Joe Pavelski wins face-off versus Steven Stamkos in Islanders zone.
10:54 of 3rd period - Backhand shot by Alex Pietrangelo.
10:54 of 3rd period - Shot Blocked by Jamie Benn.
10:56 of 3rd period - Slapshot by Henrik Zetterberg.
10:56 of 3rd period - Deflect By Erik Karlsson.
10:56 of 3rd period - Stopped by Braden Holtby with a rebound.
10:58 of 3rd period - Slapshot by Brooks Orpik.
10:58 of 3rd period - Stopped by Braden Holtby without a rebound.
10:59 of 3rd period - Jarret Stoll wins face-off versus Sidney Crosby in Islanders zone.
11:24 of 3rd period - Jay Bouwmeester is hit by Travis Hamonic.
11:34 of 3rd period - Sidney Crosby is hit by Colton Sceviour and loses puck.
12:05 of 3rd period - Snap shot by David Krejci.
12:05 of 3rd period - Stopped by Josh Harding with a rebound.
12:27 of 3rd period - Slapshot by Erik Karlsson.
12:27 of 3rd period - Stopped by Josh Harding with a rebound.
12:29 of 3rd period - Slapshot by Craig Adams.
12:29 of 3rd period - Shot Misses the Net.
12:33 of 3rd period - Snap shot by Marcel Goc.
12:33 of 3rd period - Shot Blocked by Alex Pietrangelo.
13:21 of 3rd period - Backhand shot by Gustav Nyquist.
13:21 of 3rd period - Goal by Gustav Nyquist - Islanders : 6 - Sabres : 7.
13:22 of 3rd period - Jarret Stoll wins face-off versus Sidney Crosby in neutral zone.
13:35 of 3rd period - Slapshot by Jarret Stoll.
13:35 of 3rd period - Shot Blocked by Stephane Robidas.
13:57 of 3rd period - Wrist shot by Jarret Stoll.
13:57 of 3rd period - Deflect By Colton Sceviour.
13:57 of 3rd period - Deflect By David Perron.
13:57 of 3rd period - Shot Blocked by Stephane Robidas.
13:57 of 3rd period - Puck is out of play.
13:58 of 3rd period - Steven Stamkos wins face-off versus Joe Pavelski in Sabres zone.
14:05 of 3rd period - Wrist shot by Jamie Benn.
14:05 of 3rd period - Stopped by Josh Harding without a rebound.
14:06 of 3rd period - Steven Stamkos wins face-off versus Joe Pavelski in Sabres zone.
14:11 of 3rd period - Wrist shot by Joe Pavelski.
14:11 of 3rd period - Stopped by Josh Harding with a rebound.
14:17 of 3rd period - Brooks Orpik is hit by Tyler Ennis and loses puck.
14:36 of 3rd period - Snap shot by Gustav Nyquist.
14:36 of 3rd period - Shot Misses the Net.
14:40 of 3rd period - Snap shot by Steven Stamkos.
14:40 of 3rd period - Stopped by Braden Holtby without a rebound.
14:41 of 3rd period - Sidney Crosby wins face-off versus David Krejci in Islanders zone.
14:44 of 3rd period - Wrist shot by Blake Wheeler.
14:44 of 3rd period - Shot Misses the Net.
15:08 of 3rd period - Wrist shot by Carl Hagelin.
15:08 of 3rd period - Stopped by Josh Harding without a rebound.
15:09 of 3rd period - Jarret Stoll wins face-off versus Will Acton in Sabres zone.
16:13 of 3rd period - Snap shot by Marcel Goc.
16:13 of 3rd period - Shot Misses the Net.
16:15 of 3rd period - Snap shot by Craig Adams.
16:15 of 3rd period - Deflect By Marcel Goc.
16:15 of 3rd period - Stopped by Josh Harding without a rebound.
16:16 of 3rd period - Steven Stamkos wins face-off versus David Krejci in Sabres zone.
16:43 of 3rd period - Snap shot by Henrik Zetterberg.
16:43 of 3rd period - Deflect By Steven Stamkos.
16:43 of 3rd period - Shot Misses the Net.
16:43 of 3rd period - Puck is out of play.
16:44 of 3rd period - Joe Pavelski wins face-off versus Sidney Crosby in Islanders zone.
17:03 of 3rd period - Wrist shot by Jamie Benn.
17:03 of 3rd period - Stopped by Josh Harding with a rebound.
17:21 of 3rd period - Slapshot by Blake Wheeler.
17:21 of 3rd period - Shot Blocked by Rob Scuderi.
17:37 of 3rd period - Slapshot by Erik Karlsson.
17:37 of 3rd period - Goal by Erik Karlsson - Islanders : 7 - Sabres : 7.
17:38 of 3rd period - Steven Stamkos wins face-off versus David Krejci in neutral zone.
17:55 of 3rd period - Alex Pietrangelo is hit by Travis Hamonic and loses puck.
18:37 of 3rd period - Stephane Robidas is hit by Colton Sceviour.
18:41 of 3rd period - Colton Sceviour is hit by Matt Bartkowski.
18:54 of 3rd period - Wrist shot by Blake Wheeler.
18:54 of 3rd period - Deflect By Sidney Crosby.
18:54 of 3rd period - Stopped by Braden Holtby with a rebound.
18:56 of 3rd period - Slapshot by Jay Bouwmeester.
18:56 of 3rd period - Stopped by Braden Holtby with a rebound.
18:58 of 3rd period - Snap shot by Blake Wheeler.
18:58 of 3rd period - Deflect By David Perron.
18:58 of 3rd period - Shot Misses the Net.
18:58 of 3rd period - Puck is out of play.
18:59 of 3rd period - Marcel Goc wins face-off versus Will Acton in Islanders zone.
19:16 of 3rd period - Snap shot by Olli Maatta.
19:16 of 3rd period - Deflect By Jay Bouwmeester.
19:16 of 3rd period - Stopped by Josh Harding with a rebound.
19:18 of 3rd period - Slapshot by Rob Scuderi.
19:18 of 3rd period - Stopped by Josh Harding with a rebound.
19:22 of 3rd period - Wrist shot by Marcel Goc.
19:22 of 3rd period - Shot Misses the Net.
19:24 of 3rd period - Slapshot by Olli Maatta.
19:24 of 3rd period - Shot Blocked by Stephane Robidas.
19:26 of 3rd period - Wrist shot by Matt Martin.
19:26 of 3rd period - Shot Blocked by Jay Bouwmeester.
19:28 of 3rd period - Snap shot by Craig Adams.
19:28 of 3rd period - Shot Misses the Net.
19:32 of 3rd period - Snap shot by Matt Martin.
19:32 of 3rd period - Deflect By Jay Bouwmeester.
19:32 of 3rd period - Shot Misses the Net.
19:32 of 3rd period - Puck is out of play.
19:33 of 3rd period - Joe Pavelski wins face-off versus Sidney Crosby in Sabres zone.
19:36 of 3rd period - Snap shot by Tyler Ennis.
19:36 of 3rd period - Stopped by Josh Harding with a rebound.
Goals for this period are 3 for Islanders vs 2 for Sabres.
Shots for this period are 17 for Islanders vs 11 for Sabres.

Overtime #1


0:01 of 1st overtime period - Joe Pavelski wins face-off versus Sidney Crosby in neutral zone.
0:56 of 1st overtime period - Paul Martin is hit by Henrik Zetterberg and loses puck.
1:22 of 1st overtime period - Alex Pietrangelo is hit by Travis Hamonic and loses puck.
1:27 of 1st overtime period - Wrist shot by Joe Pavelski.
1:27 of 1st overtime period - Goal by Joe Pavelski - Islanders : 8 - Sabres : 7.
Goals for this period are 1 for Islanders vs 0 for Sabres.
Shots for this period are 1 for Islanders vs 0 for Sabres.


Output by the SimonT Hockey Simulator (STHS) for Eric Dolegowski -- Original Page W3C XHTML 1.0 Valid
Hockey Simulator - Hockey Simulation - Hockey Manager